 Dungeon Crawl Stone Soup version 0.30-a0-630-g881e3bac89 (webtiles) character file.

Game seed: 17398876307220997262

6 Fenrisus the Covered (level 1, 0/19 HPs)
             Began as a Barachi Fighter on Jan 13, 2023.
             Killed from afar by a dart slug (4 damage)
             ... with a slug dart
             ... on level 1 of the Dungeon.
             The game lasted 00:00:48 (107 turns).

Fenrisus the Covered (Barachi Fighter)               Turns: 107, Time: 00:00:49

Health: 0/19       AC:  7    Str: 17    XL:     1   Next: 90%
Magic:  1/1        EV:  9    Int:  8    God:
Gold:   7          SH:  0    Dex: 11    Spells: 0/0 levels left

rFire   . . .      SeeInvis .    a - +0 long sword
rCold   . . .      Faith    .    (no shield)
rNeg    . . .      Spirit   .    b - +0 scale mail
rPois   .          Reflect  .    (no helmet)
rElec   .          Harm     .    (no cloak)
rCorr   .          Rampage  .    (no gloves)
Will    .....                    (no boots) Stlth
                                 (no amulet)
HPRegen 0.23/turn                (no ring)
MPRegen 0.07/turn                (no ring)

@: slow
A: amphibious, slowness 1, strong legs 1, +LOS
a: Hop


You were on level 1 of the Dungeon.
You visited 1 branch of the dungeon, and saw 1 of its levels.

You collected 7 gold pieces.

Inventory:

Hand Weapons
 a - a +0 long sword (weapon)
Armour
 b - a +0 scale mail (worn)
 c - a +0 buckler
Potions
 d - a potion of might


   Skills:
 + Level 3.6 Fighting
 + Level 2.4 Long Blades
 + Level 4.0 Armour
 + Level 3.4 Shields


You couldn't memorise any spells.
You didn't know any spells.
Your spell library was empty.

Dungeon Overview and Level Annotations

Branches:
Dungeon (1/15)

Altars:


Innate Abilities, Weirdness & Mutations

You are amphibious.
You cover ground slowly.
You can hop short distances.
You have an extended range of vision and can be seen from far away.


Message History

The jackal bites you but does no damage.
The jackal closely misses you.
The hobgoblin hits you but does no damage.
The jackal bites you. The jackal closely misses you. The dart slug misses you.
The dart slug bites you but does no damage.
The hobgoblin hits you but does no damage.
You closely miss the jackal.
The jackal bites you but does no damage. x3
The jackal barely misses you.
The hobgoblin hits you but does no damage.
The dart slug launches a dart at you. The slug dart misses you.
The slug dart hits the jackal.
The dart slug closely misses you.
You closely miss the jackal.
The jackal is heavily wounded.
The jackal bites you but does no damage.
The jackal misses you.
The hobgoblin hits you but does no damage.
The jackal bites you.
The jackal bites you but does no damage.
The dart slug bites you.
* * * LOW HITPOINT WARNING * * *
You miss the jackal.
The jackal is heavily wounded.
The jackal barely misses you. The jackal closely misses you.
The hobgoblin closely misses you.
The dart slug bites you but does no damage.
The jackal bites you but does no damage.
The dart slug misses you.
The jackal bites you but does no damage.
You completely miss the jackal.
The jackal is heavily wounded.
The hobgoblin closely misses you.
The jackal bites you but does no damage. x2
The dart slug bites you.
* * * LOW HITPOINT WARNING * * *
The hobgoblin barely misses you. The dart slug launches a dart at you.
The slug dart hits you.
You die...

.....# ##.##### #....#
........ #....# ........
#....############........
#....#...............>...
#....#...................
#.†..#..........K........
..)............wgh.......
...............w@h#
..................#
..................#
..................#
......#############
#######


You could see 2 dart slugs, 2 jackals, a hobgoblin and a kobold.

Vanquished Creatures
  An endoplasm (D:1)
  A goblin (D:1)
  2 jackals (D:1)
  A rat (D:1)
5 creatures vanquished.

Notes
Turn   | Place    | Note
-------+----------+-------------------------------------------
     0 | D:1      | Fenrisus the Barachi Fighter began the quest for the Orb.
     0 | D:1      | Reached XP level 1. HP: 18/18 MP: 1/1
   102 | D:1      | Reached skill level 4 in Armour
   107 | D:1      | Killed from afar by a dart slug

Illustrated notes

Levels and vault maps discovered:
D:1:      minmay_arrival_shattered_statue, layout_basic

Skill      XL: |  1 |
---------------+----+-----
Armour         | 4 |  4.0
Fighting       | |  3.6
Long Blades    | |  2.4
Shields        | |  3.4

Action                   || total
-------------------------++-------
Melee: Long sword        ||    27
       Punch             ||     1
Armor: Scale mail        ||    38
Dodge: Dodged            ||    31
Block: Buckler           ||     6

Table legend: (Time is in decaauts)
 A = Elapsed time spent in this place.
 B = Non-inter-level travel time spent in this place.
 C = Inter-level travel time spent in this place.
 D = Time resting spent in this place.
 E = Time spent auto-exploring this place.
 F = Levels seen in this place.
 G = Mean time per level.
                   A        B        C        D        E       F      G
               +--------+--------+--------+--------+--------+-----+--------+
         Total |    122 |     85 |     37 |      0 |      0 |   1 |  122.0 |
       Dungeon |    122 |     85 |     37 |      0 |      0 |   1 |  122.0 |
               +--------+--------+--------+--------+--------+-----+--------+

Top non-repeatable levels by time:
     D:1: 122 daAuts
